 Dungeon Crawl Stone Soup version 0.31.0-12-g77e489cdc1 (webtiles) character file.

Game seed: 8105633358824873617

1635 Silvore the Slasher (level 8, -1/62 HPs)
             Began as a Demonspawn Fighter on Feb 15, 2024.
             Slain by a gnoll
             ... wielding a +0 halberd
             ... led by a gnoll bouda
              (5 damage)
             ... on level 6 of the Dungeon.
             The game lasted 00:06:24 (5399 turns).

Silvore the Slasher (Demonspawn Fighter)            Turns: 5399, Time: 00:06:24

Health: -1/62      AC: 12    Str: 19    XL:     8   Next: 66%
Magic:  0/0        EV: 10    Int: 12    God:
Gold:   332        SH:  5    Dex: 13    Spells: 7/7 levels left

rFire   . . .        i - +8 scimitar of Jyxzaebe {drain, rElec MP-9 Int+4}
rCold   . . .        c - +0 buckler
rNeg    . . .        b - +0 scale mail
rPois   +            e - +1 helmet
rElec   +            (no cloak)
rCorr   .            s - +0 pair of gloves
SInv    .            (no boots)
Will    .....        (no amulet) Stlth
                     f - ring of poison resistance
HPRegen 0.30/turn    (no ring)
MPRegen 0.07/turn

%: no passive effects
@: weakened
A: molten scales 1, ignite blood 1, demonic magic 1, weakness stinger 2
a: no special abilities


You were on level 6 of the Dungeon.
You visited 1 branch of the dungeon, and saw 6 of its levels.

You collected 332 gold pieces.

Inventory:

Hand Weapons
 a - a +1 long sword
 i - the +8 scimitar of Jyxzaebe (weapon) {drain, rElec MP-9 Int+4}
   (You acquired it on level 2 of the Dungeon)

   Int+4:     It affects your intelligence (+4).
   rElec:     It insulates you from electricity.
   MP-9:      It affects your magic capacity (-9).
Armour
 b - a +0 scale mail (worn)
 c - a +0 buckler (worn)
 e - a +1 helmet (worn)
 s - a +0 pair of gloves (worn)
Jewellery
 f - a ring of poison resistance (left hand)
Wands
 v - a wand of mindburst (9)
Scrolls
 l - a scroll of teleportation {unknown}
 m - 4 scrolls of noise
 n - a scroll of fog
 p - a scroll of enchant armour
 w - a scroll of blinking
Potions
 d - a potion of might
 g - 2 potions of attraction
 h - a potion of invisibility {unknown}
 j - a potion of curing {unknown}
 k - a potion of heal wounds {unknown}
 o - 2 potions of mutation
 q - a potion of ambrosia {unknown}
 r - a potion of haste {unknown}
 t - a potion of degeneration {unknown}
 u - 2 potions of lignification
 x - a potion of enlightenment {unknown}
 z - a potion of brilliance {unknown}
 A - 2 potions of cancellation


   Skills:
 + Level 5.1 Fighting
 + Level 7.2 Long Blades
 + Level 5.2 Armour
 + Level 2.7 Dodging
 + Level 1.0 Stealth
 + Level 3.6 Shields


You had 7 spell levels left.
You didn't know any spells.
Your spell library contained the following spells:

 Spells                   Type           Power      Damage    Failure   Level
 Frozen Ramparts          Ice            0%         1d1       98%         3
 Inner Flame              Hex/Fire       0%         N/A       98%         3
 Flame Wave               Conj/Fire      0%         2d4       100%        4
 Leda's Liquefaction      Alch/Erth      0%         N/A       100%        4
 Petrify                  Alch/Erth      0%         N/A       100%        4
 Sticky Flame             Fire/Alch      0%         2d4       100%        4
 Vhi's Electric Charge    Tloc/Air       0%         N/A       100%        4
 Arcjolt                  Conj/Air       0%         1d10      100%        5
 Metabolic Englaciation   Hex/Ice        0%         N/A       100%        5
 Maxwell's Capacitive Co  Air            0%         ∞         100%        8


Dungeon Overview and Level Annotations

Branches:
Dungeon (6/15)
 Temple: D:4-7

Altars:


Innate Abilities, Weirdness & Mutations

You are partially covered in molten scales. (AC +2)
Your demonic aura sometimes causes spilled blood to erupt in flames.
Spells you cast may paralyse adjacent enemies.
You have a tail ending in a sharp stinger.


Message History

The gnoll shouts!
You hear a shout!
A hound comes into view.
A gnoll comes into view. It is wielding a +0 club. x2
The hound barks!
A gnoll comes into view. It is wielding a +0 halberd.
Found a short sword.
The gnoll shouts! x2
The gnoll bouda barks out a call to the hunt!
The gnolls pick up the pace!
The gnoll hits you with a +0 club. The gnoll attacks as it pursues you!
The gnoll barely misses you.
The gnoll hits you with a +5 whip of electrocution.
You barely miss the gnoll. You tail-slap the gnoll.
The gnoll is lightly wounded.
The gnoll barely misses you. The gnoll hits you but does no damage.
You slash the gnoll! You drain the gnoll.
You kill the gnoll!
The gnoll closely misses you.
You slash the gnoll!
The gnoll is severely wounded.
The gnoll hits you with a +0 club.
* * * LOW HITPOINT WARNING * * *
The gnoll hits you from afar with a +0 halberd!
* * * LOW HITPOINT WARNING * * *
The gnoll hits you but does no damage.
The gnoll bouda gazes fiercely through you!
You feel your attacks grow feeble. The gnoll hits you but does no damage.
You hit the gnoll.
You tail-slap the gnoll, but do no damage.
The gnoll is moderately wounded.
The gnoll hits you with a +0 club.
* * * LOW HITPOINT WARNING * * *
The gnoll misses you.
You hit the gnoll. You tail-slap the gnoll.
The gnoll is severely wounded.
The gnoll is no longer moving quickly.
The gnoll hits you with a +0 club.
* * * LOW HITPOINT WARNING * * *
The gnoll hits you from afar with a +0 halberd.
You die...

................................
..............######..........
...#..)...#.#....#....#.... ..
...#........#....#.##....##...
##.........#....#..#.........
.............#....#...........#
.............#....#.g#..#.....#
#.............###g##.....# ...##
##.........##..@ggh..#.....####
###......###..####..###...#
#......##....##...# #..##
#...##.##....###..# #### ##.#
......... #### ## #.#..#...# #
########


You could see a hound and 3 gnolls.

Vanquished Creatures
  Grinder (D:3)
  A steam dragon (D:6)
  2 ice beasts
  2 ogres (D:5)
  2 kobold brigands (D:5)
  3 scorpions
  A bombardier beetle (D:5)
  A hound (D:6)
  A jelly (D:5)
  A gnoll bouda (D:4)
  Terence (D:3)
  A sleepcap (D:5)
  2 iguanas (D:5)
  2 orc wizards (D:5)
  14 gnolls
  12 adders
  A white imp (D:5)
  A ribbon worm (D:2)
  4 dart slugs
  10 orcs
  7 ball pythons
  4 bats
  11 endoplasms
  2 giant cockroaches
  7 goblins
  10 hobgoblins
  7 jackals
  15 kobolds
  3 quokkas
  7 frilled lizards
  6 rats
142 creatures vanquished.

Notes
Turn   | Place    | Note
-------+----------+-------------------------------------------
     0 | D:1      | Silvore the Demonspawn Fighter began the quest for the Orb.
     0 | D:1      | Reached XP level 1. HP: 18/18 MP: 1/1
    73 | D:1      | Gained mutation: Spells you cast may paralyse adjacent
                  | enemies. [demonic ancestry]
    73 | D:1      | Reached XP level 2. HP: 24/24 MP: 2/2
   247 | D:1      | Reached skill level 2 in Long Blades
   323 | D:1      | Reached XP level 3. HP: 27/29 MP: 3/3
   345 | D:1      | You fall into a shaft and drop 1 floor!
  1262 | D:2      | Found a faded altar of an unknown god.
  1456 | D:2      | Gained mutation: You are partially covered in molten
                  | scales. (AC +2) [demonic ancestry]
  1456 | D:2      | Reached XP level 4. HP: 19/36 MP: 4/4
  1848 | D:2      | Identified a scroll of acquirement
  1848 | D:2      | Acquired the +8 scimitar of Jyxzaebe {drain, rElec MP-9
                  | Int+4}
  1978 | D:3      | Noticed Terence
  1997 | D:3      | Killed Terence
  1998 | D:3      | Reached skill level 3 in Long Blades
  2007 | D:3      | Gained mutation: Your demonic aura sometimes causes spilled
                  | blood to erupt in flames. [demonic ancestry]
  2007 | D:3      | Reached XP level 5. HP: 33/42 MP: 0/5
  2228 | D:3      | Reached skill level 1 in Dodging
  2425 | D:3      | Noticed Grinder
  2433 | D:3      | Paralysed by Grinder for 2 turns
  2442 | D:3      | Killed Grinder
  2443 | D:3      | Reached skill level 4 in Long Blades
  2443 | D:3      | Reached XP level 6. HP: 38/48 MP: 0/6
  2887 | D:4      | Reached skill level 5 in Long Blades
  2887 | D:4      | Gained mutation: You have a small tail. [demonic ancestry]
  2887 | D:4      | Reached XP level 7. HP: 16/54 MP: 0/7
  4185 | D:5      | Entered Level 5 of the Dungeon
  4615 | D:5      | Reached skill level 6 in Long Blades
  4626 | D:5      | Found Zarypog's Antique Weapon Shop.
  4669 | D:5      | Gained mutation: You have a tail ending in a sharp stinger.
                  | [demonic ancestry]
  4669 | D:5      | Reached XP level 8. HP: 59/61 MP: 0/8
  4915 | D:5      | Reached skill level 1 in Stealth
  5165 | D:5      | Reached skill level 5 in Armour
  5330 | D:6      | Reached skill level 5 in Fighting
  5362 | D:6      | Reached skill level 7 in Long Blades
  5399 | D:6      | Slain by a gnoll

Illustrated notes

Levels and vault maps discovered:
D:1:      dpeg_arrival_solitude, layout_rooms
D:2:      layout_basic, ebering_ecumenical_altar_ruins
D:3:      layout_basic, minmay_vboxes, uniq_terence, uniq_grinder
D:4:      layout_layer_cave
D:5:      cheibrodos_thug_alley, layout_cave_pods, serial_shops, shop,
          kennysheep_generic_room_15
D:6:      layout_cave_pools, minmay_temple_entry_gardened_gates,
          serial_gnoll_camp, gnoll_camp_mini_doghouse, gnoll_camp_huts_basic,
          gnoll_camp_mini_house, gnoll_camp_mini_sergeant,
          nicolae_ossuary_entry_false_entrances, minmay_strange_pillars,
          nrook_mini_vaults, grunt_ministairs_1

Skill      XL: |  1  2  3  4  5  6  7  8 |
---------------+-------------------------+-----
Armour         | 3 4 5 |  5.2
Long Blades    | 2 3 4 5 6 7 |  7.2
Shields        | 3 |  3.6
Dodging        | 1 2 |  2.7
Fighting       | 4 5 |  5.1
Stealth        | 1 |  1.0

Action                     |  1- 3 |  4- 6 |  7- 9 || total
---------------------------+-------+-------+-------++-------
  Melee: Long sword        |   103 |     8 |       ||   111
         Scimitar          |       |    92 |   132 ||   224
         Tailslap          |       |       |    14 ||    14
    Use: Scroll            |     1 |     6 |     5 ||    12
 Armour: Scale mail        |    70 |    85 |   100 ||   255
  Dodge: Dodged            |    51 |    63 |    47 ||   161
  Block: Buckler           |    31 |    27 |    23 ||    81
